 Dungeon Crawl Stone Soup version 0.27-a0-1158-gaa87e14f67 (webtiles) character file.

Game seed: 12686583138588678138

43 Elric the Skirmisher (level 3, -3/29 HPs)
             Began as a Demonspawn Abyssal Knight on May 15, 2021.
             Was a Follower of Lugonu.
             Slain by Sigmund
             ... wielding a +0 scythe
              (7 damage)
             ... on level 2 of the Dungeon.
             The game lasted 00:04:21 (2058 turns).

Elric the Skirmisher (Demonspawn Abyssal Knight)    Turns: 2058, Time: 00:04:22

Health: -3/29      AC:  6    Str: 11 (13) XL:     3   Next: 37%
Magic:  5/5        EV: 11    Int: 10 (13) God:    Lugonu [*.....]
Gold:   94         SH:  0    Dex:  9 (12) Spells: 2/2 levels left

rFire    . . .     SeeInvis .   a - +1 mace
rCold    . . .     Faith    .   (no shield)
rNeg     . . .     Spirit   .   b - +0 leather armour
rPois    .         Reflect  .   (helmet restricted)
rElec    .         Harm     .   (no cloak)
rCorr    .         Rampage  .   e - +1 pair of gloves
Will     .....                  (no boots)
Stlth    +.........             (no amulet)
HPRegen  0.09/turn              (no ring)
MPRegen  0.09/turn              (no ring)

@: mighty, attractive
A: horns 1, rugged brown scales 1
a: Renounce Religion, Depart the Abyss


You were on level 2 of the Dungeon.
You worshipped Lugonu.
Lugonu was aware of your devotion.
You visited 1 branch of the dungeon, and saw 3 of its levels.
You visited the Abyss 1 time.

You collected 94 gold pieces.

Inventory:

Hand Weapons
 a - a +1 mace (weapon)
Armour
 b - a +0 leather armour (worn)
 e - a +1 pair of gloves (worn)
Scrolls
 c - a scroll of brand weapon {unknown}
 d - a scroll of teleportation {unknown}
 f - a scroll of immolation {unknown}
 g - a scroll of holy word {unknown}
 k - 2 scrolls of identify {unknown}
 m - a scroll of magic mapping {unknown}
Potions
 j - a potion of degeneration
 l - a potion of resistance {unknown}


   Skills:
 + Level 3.4 Fighting
 * Level 2.5 Maces & Flails
 + Level 2.1 Armour
 - Level 0.8 Dodging
 + Level 3.1 Invocations


You had 2 spell levels left.
You didn't know any spells.
Your spell library contained the following spells:

 Spells                   Type           Power      Damage    Failure   Level
 Beastly Appendage        Tmut           0%         N/A       45%         1
 Wereblood                Tmut           0%         N/A       58%         2
 Spider Form              Tmut/Pois      0%         N/A       83%         3
 Ice Form                 Ice/Tmut       0%         N/A       99%         4
 Hydra Form               Tmut           0%         N/A       100%        5


Dungeon Overview and Level Annotations

Branches:
Dungeon (3/15)

Altars:

Annotations:
D:2 Sigmund


Innate Abilities, Weirdness & Mutations

You have a pair of small horns on your head.
You are partially covered in rugged brown scales. (AC +1, +3% HP)


Message History

2 orcs and an orc priest come into view.
The orc priest shouts!
The orc shouts! x3; You hear a shout!
The orc priest mumbles some strange prayers to Beogh against you.
Beogh smites you!
The orc moves out of view. x2
You hear a shout!
An endoplasm and an orc come into view.
The orc shouts! x2
The endoplasm quivers.
An orc comes into view. It is wielding a +0 club.
A water moccasin skeleton comes into view.
The orc shouts!
The endoplasm jiggles.
There is a stone staircase leading up here.
You climb upwards.
Level annotation: Sigmund
There is a stone staircase leading down here.
HP restored.
There is an open door here.
You open the door.
There is an open door here.
Found 20 sling bullets.
Sigmund is nearby!
Sigmund closely misses you.
You closely miss Sigmund. Your headbutt misses Sigmund.
Sigmund hits you with a +0 scythe!
You closely miss Sigmund. Sigmund hits you with a +0 scythe.
Sigmund hits you but does no damage.
Okay, then.
It was a potion of degeneration.
There was something very wrong with that liquid.
You feel weakened.
You feel dopey.
You feel clumsy. Sigmund hits you with a +0 scythe!
* * * LOW HITPOINT WARNING * * *
It was a potion of might.
You feel very mighty all of a sudden. Sigmund hits you but does no damage.
It was a potion of attraction.
You feel attractive to monsters. Sigmund hits you with a +0 scythe!
You die...

..# #.# .. .#......
#.# #.# #
..###.#.## #.#
##.#######. ....#
#.# #.........# #.#
#..######.# ##.#
##..#### .# ##.#
#....#.## .#
.#.#####.....(.##@#
................@.+
.....###..#....##.#
.....# #..........#
.....# #....#.#####
.....# ######..#
.....# ##.# ##.###
.# #.#


You could see Sigmund.

Vanquished Creatures
  An adder (D:2)
  2 dart slugs
  4 endoplasms
  A giant cockroach (D:1)
  3 goblins
  5 hobgoblins (D:1)
  3 jackals (D:1)
  A quokka (D:1)
  3 bats
  A frilled lizard (D:1)
  2 rats
26 creatures vanquished.

Notes
Turn   | Place    | Note
-------+----------+-------------------------------------------
     0 | Abyss:1  | Elric the Demonspawn Abyssal Knight began the quest for the
                  | Orb.
     0 | Abyss:1  | Reached XP level 1. HP: 18/18 MP: 2/2
    25 | D:1      | Escaped the Abyss
   221 | D:1      | Gained mutation: You are partially covered in rugged brown
                  | scales. (AC +1, +3% HP) [demonic ancestry]
   221 | D:1      | Reached XP level 2. HP: 13/24 MP: 4/4
  1523 | D:2      | Gained mutation: You have a pair of small horns on your
                  | head. [demonic ancestry]
  1523 | D:2      | Reached XP level 3. HP: 29/29 MP: 5/5
  1661 | D:2      | Noticed Sigmund
  2058 | D:2      | Slain by Sigmund

Illustrated notes

Levels and vault maps discovered:
D:1:      dpeg_arrival_short_road, layout_basic, grunt_decor_fettered
D:2:      layout_loops_corners, uniq_sigmund
D:3:      layout_basic, xom_redecorated, lemuel_crystal_altar,
          ebering_ghost_disaster_area,
          hellmonk_ecumenical_altar_pennies_from_heaven, uniq_ijyb

Skill      XL: |  1  2 |
---------------+-------+-----
Maces & Flails | 2 |  2.5
Armour         | 2 |  2.1
Invocations    | 3 |  3.1
Fighting       | |  3.4
Dodging        | |  0.8

Action                   || total
-------------------------++-------
Melee: Mace              ||    84
       Headbutt          ||     1
  Use: Potion            ||     3
Armor: Leather armour    ||    28
Dodge: Dodged            ||    48

Table legend: (Time is in decaauts)
 A = Elapsed time spent in this place.
 B = Non-inter-level travel time spent in this place.
 C = Inter-level travel time spent in this place.
 D = Time resting spent in this place.
 E = Time spent auto-exploring this place.
 F = Levels seen in this place.
 G = Mean time per level.
                   A        B        C        D        E       F      G
               +--------+--------+--------+--------+--------+-----+--------+
         Total |   2082 |   2006 |     76 |      0 |   1614 |   4 |  520.5 |
       Dungeon |   2057 |   1981 |     76 |      0 |   1606 |   3 |  685.7 |
         Abyss |     25 |     25 |      0 |      0 |      8 |   1 |   25.0 |
               +--------+--------+--------+--------+--------+-----+--------+

Top non-repeatable levels by time:
     D:1: 1274 daAuts
     D:2: 771 daAuts
 Abyss:1: 25 daAuts
     D:3: 11 daAuts
